 Dungeon Crawl Stone Soup version 0.20.1-1-g8b1a95d66d (webtiles) character file.

584 Popi the Slasher (level 7, -1/54 HPs)
             Began as a Human Fighter on Dec 17, 2017.
             Splashed by a jelly's acid (6 damage)
             ... on level 5 of the Dungeon.
             The game lasted 00:08:44 (3637 turns).

Popi the Slasher (Human Fighter)                    Turns: 3637, Time: 00:08:47

Health: -1/54      AC:  4    Str: 19    XL:     7   Next: 64%
Magic:  8/8        EV:  6    Int:  8    God:
Gold:   22         SH:  0    Dex: 12    Spells: 6/6 levels left

rFire    + . .     SeeInvis .   a - +0 long sword
rCold    . . .     Gourm    .   (no shield)
rNeg     . . .     Faith    .   m - +0 plate armour
rPois    .         Spirit   .   (no helmet)
rElec    .         Reflect  .   (no cloak)
rCorr    .         Harm     .   (no gloves)
MR       .....     Rnd*Tele +   (no boots)
Stlth    ..........             (no amulet)
Regen    0.2/turn               k - ring of protection from fire
MPRegen  0.2/turn               i - ring of teleportation (curse)

@: corroded
A: no striking features
a: no special abilities


You were on level 5 of the Dungeon.
You were not hungry.

You visited 1 branch of the dungeon, and saw 7 of its levels.

You collected 282 gold pieces.
You spent 260 gold pieces at shops.

Inventory:

Hand Weapons
 a - a +0 long sword (weapon)
Armour
 b - a +1 scale mail
 c - a +0 shield
 m - a +0 plate armour (worn)
Jewellery
 h - an uncursed ring of protection from cold
 i - a cursed ring of teleportation (right hand)
 k - a ring of protection from fire (left hand)
Wands
 g - a wand of disintegration (12/24)
Scrolls
 e - a scroll of amnesia
 j - a scroll of identify
Potions
 d - a potion of flight
 l - 3 potions of brilliance
 t - a potion of curing
 u - a potion of magic {unknown}
 v - a potion of berserk rage {unknown}
Comestibles
 f - a bread ration
 o - a meat ration
 q - 3 fruits
 s - 2 royal jellies


   Skills:
 - Level 4.0 Fighting
 - Level 5.1 Long Blades
 - Level 5.0 Armour
 + Level 2.3 Dodging
 - Level 3.0 Shields
 + Level 1.9 Evocations


You had 6 spell levels left.
You didn't know any spells.

Dungeon Overview and Level Annotations

Branches:
Dungeon (7/15)
 Temple: D:4-7

Altars:
Elyvilon
Trog

Shops:
D:4 }

Annotations:
D:3 1 runed door


Message History

* * * LOW HITPOINT WARNING * * *
The jelly is heavily wounded.
The jelly hits you but does no damage.
You hit the jelly.
Your hands burn!
* * * LOW HITPOINT WARNING * * *
The jelly is severely wounded.
The jelly hits you but does no damage.
You slash the jelly!
You kill the jelly!
The jelly hits you but does no damage. x2
Items here: ( ) ††† an uncursed shortbow; 6 arrows; a worker ant corpse; a centaur corpse a giant cockroach corpse You slash the jelly!
Your hands burn!
* * * LOW HITPOINT WARNING * * *
The jelly is heavily wounded.
The jelly hits you.
* * * LOW HITPOINT WARNING * * *
The acid corrodes you!
You are splashed with acid!
The acid burns!
You die...

#.......# ..#.......#
..#.......### ..#..........
.##.......... .##..........
.... ###+#.##..........
.....#...#.##..........
#....#@#...##..........
##....#J##c.####.#######
..........?.?)#..####'######
...........................#
.........................#.#
.........................#
...gc.........##+##....###
...........#....>.......#
...........#.......≈♣...#


You could see a jelly.

Vanquished Creatures
  2 ogres
  A centaur (D:5)
  A jelly (D:5)
  Terence (D:3)
  3 worker ants
  Robin (D:3)
  4 gnolls
  8 adders
  2 oozes
  3 worms
  A dart slug (D:2)
  3 orcs (D:3)
  A ball python (D:3)
  5 bats
  5 giant cockroaches
  19 goblins
  7 hobgoblins
  6 kobolds
  2 quokkas (D:3)
  4 frilled lizards
  9 rats
88 creatures vanquished.

Notes
Turn   | Place    | Note
-------+----------+-------------------------------------------
     0 | D:1      | Popi the Human Fighter began the quest for the Orb.
     0 | D:1      | Reached XP level 1. HP: 18/18 MP: 1/1
    83 | D:1      | Reached XP level 2. HP: 22/24 MP: 2/2
   307 | D:1      | Reached XP level 3. HP: 27/30 MP: 3/3
  1011 | D:2      | Reached XP level 4. HP: 35/37 MP: 4/4
  1302 | D:3      | Noticed Robin
  1365 | D:3      | Killed Robin
  1627 | D:3      | Noticed Terence
  1639 | D:3      | Reached XP level 5. HP: 27/42 MP: 5/5
  1650 | D:3      | Killed Terence
  1873 | D:3      | Found a runed door.
  2261 | D:3      | Reached skill level 5 in Long Blades
  2539 | D:4      | Reached XP level 6. HP: 40/48 MP: 6/6
  2621 | D:4      | Noticed an ogre
  2631 | D:4      | Killed an ogre
  3154 | D:4      | Found Hazin's Gadget Emporium.
  3250 | D:4      | Bought a wand of disintegration (16/24) for 260 gold pieces
  3268 | D:4      | You fall through a shaft for 3 floors!
  3268 | D:7      | Noticed an ogre
  3274 | D:7      | Killed an ogre
  3274 | D:7      | Reached skill level 5 in Armour
  3274 | D:7      | Reached XP level 7. HP: 13/54 MP: 7/7
  3536 | D:6      | Found a white marble altar of Elyvilon.
  3546 | D:6      | Found a bloodstained altar of Trog.
  3550 | D:5      | Entered Level 5 of the Dungeon
  3619 | D:5      | Reached skill level 1 in Dodging
  3627 | D:5      | Reached skill level 1 in Evocations
  3637 | D:5      | Splashed by a jelly's acid

Skill      XL: |  1  2  3  4  5  6  7 |
---------------+----------------------+-----
Fighting       | 4 |  4.0
Long Blades    | 3 5 |  5.1
Armour         | 5 |  5.0
Dodging        | 2 |  2.3
Evocations     | 1 |  1.9
Shields        | |  3.0

Action                   |  1- 3 |  4- 6 |  7- 9 || total
-------------------------+-------+-------+-------++-------
Melee: Long sword        |   100 |   178 |    30 ||   308
Evoke: Wand              |       |     4 |       ||     4
  Use: Potion            |       |     5 |       ||     5
       Scroll            |       |     5 |     1 ||     6
  Eat: Chunk             |       |     8 |     1 ||     9
Armor: Scale mail        |    47 |    87 |     1 ||   135
       Plate armour      |       |       |    28 ||    28
Dodge: Dodged            |    62 |    93 |    20 ||   175
       Rpst.: Long sword |    20 |    34 |     8 ||    62
